Map: [ESL] Alcyone

Players

GuMiho - Winner!

  • Race: Terran Terran
  • Spawn Location: 7:00

NightMare

  • Race: Protoss Protoss
  • League: Master
  • Spawn Location: 1:00

Event: IEM Katowice 2024

VOD

Have the link to the VOD?

Description

Time

  • Played on: Dec. 9, 2023, 8:56 p.m.
  • Length: 7:29

All games in this series

Show
View Real Time Build Order
Export as new Build Order

GuMiho Terran - Winner!

Build Orders: Cyclone Opening 

Get SALT Encoding   

  12  0:00  SCV  
  13  0:12  SCV  
  14  0:17  Supply Depot  
  14  0:24  SCV  
  15  0:38  SCV  
  15  0:40  Barracks  
  16  0:42  Refinery  
  16  0:50  SCV  
  16  0:52  Refinery  
  17  1:03  SCV  
  18  1:15  SCV  
  19  1:26  Reaper  
  19  1:27  Orbital Command  
  19  1:28  Supply Depot  
  20  1:39  Factory  
  20  1:52  SCV  
  20  1:58  Reaper  
  21  2:04  SCV  
  22  2:16  SCV  
  22  2:20  Command Center  
  23  2:27  Cyclone  
  23  2:28  SCV  
  26  2:37  Barracks Reactor  
  26  2:40  SCV  
  26  2:41  Supply Depot  
  27  2:53  SCV  
  27  2:54  Barracks  
  28  2:59  Factory Tech Lab  
  28  3:05  SCV  
  29  3:17  SCV  
  29  3:18  Siege Tank  
  33  3:22  Barracks, Marine  
  33  3:23  Marine  
  35  3:29  SCV  
  36  3:38  Orbital Command  
  36  3:41  Barracks Tech Lab, Marine  
  36  3:42  Marine  
  36  3:45  SCV  
  39  3:53  Supply Depot  
  42  3:55  Siege Tank  
  42  4:02  SCV  
  43  4:05  Marine x2, SCV  
  46  4:10  Stimpack  
  46  4:11  Barracks Tech Lab  
  46  4:14  SCV  
  48  4:17  SCV  
  48  4:18  Supply Depot  
  48  4:23  Marine x3  
  51  4:26  SCV  
  51  4:29  SCV  
  51  4:31  Siege Tank  
  56  4:35  Marine  
  57  4:38  SCV  
  57  4:41  Marine x3  
  57  4:42  SCV  
  57  4:44  Supply Depot  
  62  4:52  Marine  
  62  4:53  Combat Shield  
  62  4:54  SCV x2  
  62  4:58  Refinery  
  62  4:59  Marine x2  
  67  5:00  Marine  
  67  5:06  SCV x2  
  70  5:10  Marine  
  71  5:17  Siege Tank, Marine x2  
  78  5:21  Supply Depot  
  78  5:22  Marine  
  77  5:28  Marine  
  78  5:37  SCV  
  78  5:39  SCV  
  76  5:45  Marine x2  
  76  5:49  Siege Tank, SCV  
  80  5:51  SCV, Marine x2  
  80  6:03  Marine x2  
  74  6:09  Marauder  
  74  6:10  SCV x2  
  74  6:13  Command Center  
  74  6:16  Barracks  
  72  6:22  SCV x2  
  72  6:25  Marauder  
  76  6:28  Marine x2  
  75  6:34  SCV, Engineering Bay  
  75  6:36  Siege Tank, Refinery  
  75  6:38  Engineering Bay  
  79  6:44  SCV  
  79  6:46  SCV  
  81  6:47  Supply Depot  
  81  6:48  Supply Depot  
  81  6:52  Starport  
  81  6:56  Marauder x2  
  85  7:02  SCV  
  86  7:09  Missile Turret, SCV  
  85  7:16  Barracks  
Show
View Real Time Build Order
Export as new Build Order

NightMare Protoss 

Build Orders: 1 Gate Expand, Blink Stalkers 

Get SALT Encoding   

  12  0:00  Probe  
  13  0:12  Probe  
  14  0:18  Pylon  
  14  0:24  Probe (Chrono Boost)  
  15  0:36  Gateway, Probe (Chrono Boost)  
  16  0:45  Probe (Chrono Boost)  
  16  0:46  Assimilator  
  17  0:50  Probe  
  18  1:03  Probe  
  19  1:15  Probe  
  20  1:25  Cybernetics Core  
  20  1:27  Probe  
  21  1:36  Nexus  
  21  1:44  Pylon  
  21  1:46  Probe  
  22  1:53  Assimilator  
  22  1:58  Probe  
  23  2:01  Adept (Chrono Boost)  
  23  2:05  Warp Gate  
  25  2:10  Probe  
  26  2:17  Shield Battery  
  26  2:22  Probe  
  26  2:23  Adept  
  28  2:34  Probe  
  29  2:46  Probe  
  29  2:47  Shield Battery  
  29  2:50  Probe  
  31  2:53  Adept  
  31  2:56  Twilight Council  
  33  2:59  Probe  
  33  3:02  Probe  
  31  3:16  Probe x2  
  31  3:19  Gateway  
  33  3:22  Blink (Chrono Boost)  
  33  3:28  Probe  
  33  3:29  Probe  
  35  3:40  Probe  
  35  3:41  Probe, Pylon  
  37  3:51  Gateway  
  37  3:53  Probe x2  
  39  4:00  Stalker  
  39  4:05  Probe  
  39  4:06  Probe  
  41  4:11  Robotics Facility  
  41  4:17  Probe  
  41  4:18  Stalker, Probe  
  41  4:23  Assimilator  
  45  4:25  Assimilator  
  45  4:26  Stalker  
  45  4:29  Probe  
  45  4:30  Probe  
  49  4:35  Pylon  
  49  4:41  Probe  
  49  4:42  Probe  
  49  4:44  Stalker  
  53  4:53  Probe  
  53  4:54  Probe  
  53  4:55  Stalker  
  53  4:57  Pylon  
  57  5:00  Stalker  
  57  5:04  Observer (Chrono Boost)  
  60  5:10  Charge (Chrono Boost)  
  60  5:16  Stalker  
  60  5:18  Pylon  
  62  5:22  Immortal (Chrono Boost)  
  66  5:30  Stalker x2  
  66  5:31  Shield Battery  
  70  5:47  Stalker  
  72  5:50  Pylon x2  
  72  5:55  Pylon  
  70  5:59  Stalker  
  52  6:15  Stalker  
  54  6:19  Gateway x2  
  54  6:23  Gateway, Stalker  
  54  6:25  Templar Archives  
  54  6:31  Shield Battery  
  54  6:39  Stalker  
  56  6:45  Pylon  
  56  6:46  Gateway  
  52  6:47  Gateway, Stalker  
  51  6:58  Probe x2  
  50  7:04  Zealot  
  45  7:16  Zealot x3  
  45  7:21  Zealot  

Tags
 
Add a new tag
Caveats
  • Supply blocks, unpowered buildings, or Contaminate may cause inaccurate times.
  • Supply counts are checked every 10 seconds.